[Event "Saturday 13 January Rapid Engine Tour 12+1 Rounds 9 Starts 1600 ST"]
[Site "Infinity Chess"]
[Date "2018.1.13"]
[Round "6"]
[White "KULLANI"]
[Black "NINJA_JENGKA"]
[Result "1/2-1/2"]
[ECO "C50"]
[WhiteElo "2434"]
[BlackElo "2418"]
[WhiteEngine "BrainFish_180106_x64_CTG"]
[BlackEngine "Houdini 6_CTG"]
[EventType "Swiss"]
[WhiteTeam ""]
[BlackTeam ""]
[PlyCount "218"]
[TimeControl "720+1"]

1. e4 e5 2. Nf3 Nc6 3. Bc4 Bc5 4. d3 Nf6 5. c3 d6 6. O-O a6 7. a4 h6 8. Nbd2 O-O 
9. Re1 Ne7 10. a5 Ng6 11. d4 Ba7 12. h3 Re8 13. Qb3 Qd7 14. Qc2 Qd8 15. Qb3 Qd7 
16. Qc2 Nf4 17. Bf1 Ng6 18. b4 Qe7 19. Bb2 Nf4 20. Rad1 exd4 21. cxd4 Be6 
22. Kh2 c6 23. g3 Ng6 24. Bg2 Rad8 25. Qc3 Bc8 26. Rc1 h5 27. Kg1 h4 28. g4 Nf4 
29. Qe3 Ng6 30. Qc3 Nf4 31. Qe3 Ng6 32. Qa3 Nf4 33. Bf1 Ng6 34. Bd3 Nf4 
35. Bf1 Ng6 36. Qc3 Nh7 37. Rb1 f6 38. Qc4+ Kh8 39. d5 Ne5 40. Qb3 cxd5 
41. Nxh4 Qf7 42. Bg2 Kg8 43. exd5 Bxg4 44. Qg3 Bd7 45. Kh1 Qh5 46. Ne4 g5 
47. Nf3 Bf5 48. Nd4 Bxd4 49. Bxd4 g4 50. f3 Bxe4 51. Rxe4 Ng5 52. fxg4 Nxe4 
53. Bxe4 Qf7 54. Qh4 Rc8 55. Rf1 Ng6 56. Bxg6 Qxg6 57. Rxf6 Qe4+ 58. Kh2 Rc2+ 
59. Bf2 Qe5+ 60. Kg2 Qxd5+ 61. Kh2 Qe5+ 62. Kg2 Rc7 63. Rf5 Qe6 64. Rh5 Qe4+ 
65. Kh2 Rh7 66. Qg5+ Rg7 67. Qf6 Qe7 68. Qf4 Rf7 69. Qd2 Qf6 70. Bg3 Re4 
71. Bxd6 Qf2+ 72. Qxf2 Rxf2+ 73. Kg3 Rd2 74. Bc5 Rd3+ 75. Kh4 Re6 76. Rf5 Kg7 
77. Rh5 Re2 78. Rg5+ Kf7 79. Rf5+ Ke6 80. Rf4 Rh2 81. Kg5 Rhxh3 82. Rf6+ Kd5 
83. Rf7 Rdf3 84. Rxb7 Rh8 85. Rg7 Kc4 86. Rg6 Ra8 87. Kh6 Rg3 88. Rg7 Rh8+ 
89. Kg5 Rf3 90. Kg6 Re8 91. g5 Re6+ 92. Kh5 Rg3 93. Rd7 Re8 94. Rd4+ Kb3 
95. Rd5 Kc4 96. Rf5 Re6 97. Kh4 Rg2 98. Kh5 Kb5 99. Rf2 Rxf2 100. Bxf2 Kxb4 
101. Bb6 Kc4 102. g6 Re5+ 103. Kh6 Re6 104. Bd8 Re4 105. g7 Re8 106. Bf6 Rg8 
107. Kh7 Rxg7+ 108. Kxg7 Kb5 109. Be5 Kxa5 1/2-1/2

[Event "Saturday 13 January Rapid Engine Tour 12+1 Rounds 9 Starts 1600 ST"]
[Site "Infinity Chess"]
[Date "2018.1.13"]
[Round "6"]
[White "ocirema"]
[Black "RonWeasley"]
[Result "1/2-1/2 "]
[ECO "C11"]
[WhiteElo "2414"]
[BlackElo "2438"]
[WhiteEngine "stockfish_18010422_x64_modern_CTG"]
[BlackEngine "BrainFish 060118_CTG"]
[EventType "Swiss"]
[WhiteTeam ""]
[BlackTeam ""]
[PlyCount "198"]
[TimeControl "720+1"]

1. e4 e6 2. d4 d5 3. Nc3 Nf6 4. e5 Nfd7 5. f4 c5 6. Nf3 Nc6 7. Be3 cxd4 
8. Nxd4 Qb6 9. Qd2 Qxb2 10. Rb1 Qa3 11. Bb5 Nxd4 12. Bxd4 a6 13. Bxd7+ Bxd7 
14. Rb3 Qe7 15. Rxb7 Rc8 16. O-O Qd8 17. Qe3 Rc4 18. Rfb1 Be7 19. f5 Bg5 
20. Qd3 O-O 21. Ne4 Bc8 22. Bb6 Be3+ 23. Qxe3 Qh4 24. Nf6+ gxf6 25. Rc7 exf5 
26. Rxc4 dxc4 27. exf6 Kh8 28. Bc7 Rg8 29. Bg3 Qg4 30. c3 Bd7 31. Qf4 Qe2 
32. Rb8 Qd1+ 33. Qf1 Qg4 34. Rb6 Qe4 35. Qf4 Qc2 36. h3 Qxc3 37. Kh2 Bc8 
38. Rb8 Qxf6 39. Qxc4 Be6 40. Qc7 Qg6 41. Rxg8+ Kxg8 42. Qd6 h6 43. Qxa6 Bd5 
44. Qe2 Bc6 45. Qc2 Be4 46. Qf2 Bc6 47. Bf4 Kh7 48. Qc2 Be4 49. Qd2 Bc6 
50. Qc2 Be4 51. Qd2 Bc6 52. Be5 Qg5 53. Qc2 Be4 54. Qf2 Bc6 55. Qc2 Qg6 
56. Bb8 Be4 57. Qd2 Bc6 58. Qc2 Be4 59. Qd2 Bc6 60. Bf4 Qf6 61. Qd6 Qg6 
62. g3 Be4 63. Qxg6+ fxg6 64. h4 g5 65. hxg5 hxg5 66. Bxg5 f4 67. Bxf4 Bd5 
68. a4 Kg7 69. a5 Bc6 70. a6 Kf6 71. g4 Ke6 72. a7 Bd5 73. Bc1 Kd7 74. g5 Kc7 
75. Be3 Kb7 76. g6 Be4 77. g7 Bd5 78. Kg3 Ba2 79. Bc5 Bb3 80. Bd4 Ba2 
81. Kh3 Bb3 82. Kg3 Ba2 83. Bb6 Bb3 84. Kh4 Ka8 85. Be3 Ba2 86. Bb6 Bb3 
87. Bf2 Ba2 88. Kh5 Bb3 89. Bd4 Bd1+ 90. Kg6 Bb3 91. Kf6 Bd5 92. Ke5 Bg8 
93. Bb6 Bc4 94. Kd6 Kb7 95. Bc5 Ba2 96. Ke7 Bg8 97. Kf6 Bd5 98. Kg6 Bb3 
99. Bg1 Bd5 1/2-1/2

[Event "Saturday 13 January Rapid Engine Tour 12+1 Rounds 9 Starts 1600 ST"]
[Site "Infinity Chess"]
[Date "2018.1.13"]
[Round "6"]
[White "angriff"]
[Black "Dovahkiin"]
[Result "1-0"]
[ECO "B03"]
[WhiteElo "2438"]
[BlackElo "2445"]
[WhiteEngine "SF_64BIT_POPCNT_CTG"]
[BlackEngine "BrainFish_180106_x64_modern_CTG"]
[EventType "Swiss"]
[WhiteTeam ""]
[BlackTeam ""]
[PlyCount "183"]
[TimeControl "720+1"]

1. e4 Nf6 2. e5 Nd5 3. d4 d6 4. c4 Nb6 5. f4 dxe5 6. fxe5 Nc6 7. Be3 Bf5 
8. Nc3 e6 9. Nf3 Be7 10. Be2 O-O 11. O-O f6 12. exf6 Bxf6 13. Qd2 Qe8 
14. Bg5 Rd8 15. Bxf6 Rxf6 16. Qe3 Bg4 17. Ne4 Rf8 18. Ned2 Qd7 19. Kh1 Bf5 
20. Nb3 Qe7 21. Rae1 a5 22. Ne5 Nxe5 23. Qxe5 a4 24. Na5 c6 25. c5 Nd5 
26. Nc4 Qf6 27. Nd6 Qxe5 28. dxe5 b6 29. cxb6 Nxb6 30. Kg1 Nd5 31. Rf2 Rb8 
32. Bf3 Nf4 33. Nxf5 Rxf5 34. Bxc6 Nd3 35. Rxf5 exf5 36. Rf1 g6 37. e6 Kf8 
38. g4 Ne5 39. Bxa4 Nxg4 40. Rc1 Ke7 41. Bb3 Rb7 42. h4 Nf6 43. Kf2 Ne8 
44. Ke3 Nc7 45. Rc6 Ne8 46. Rc5 Nc7 47. Kf3 Ne8 48. Ra5 Nf6 49. Ke2 Ne4 
50. Ke3 Nf6 51. Kd3 Nh5 52. Bc4 Nf4+ 53. Kc3 Rc7 54. a4 h6 55. Kb4 Kf6 
56. Rc5 Rb7+ 57. Rb5 Ra7 58. Rb8 g5 59. Rf8+ Ke5 60. Rf7 Ra8 61. e7 Re8 
62. Ka3 Nd5 63. hxg5 hxg5 64. Bxd5 Kxd5 65. Rxf5+ Kc6 66. Rxg5 Rxe7 67. Rg6+ Kb7 
68. a5 Ka8 69. b4 Re1 70. Ka4 Kb8 71. b5 Ka7 72. Rg7+ Kb8 73. Rg8+ Kc7 
74. b6+ Kb7 75. Rg7+ Kc6 76. Rc7+ Kd6 77. Rc4 Rb1 78. Rb4 Ra1+ 79. Kb5 Rd1 
80. a6 Rd5+ 81. Ka4 Rd1 82. b7 Ra1+ 83. Kb5 Kc7 84. Rc4+ Kd7 85. b8=Q Rb1+ 
86. Rb4 Ra1 87. Qe5 Rd1 88. a7 Rd5+ 89. Qxd5+ Ke7 90. a8=Q Kf6 91. Qf8+ Kg6 
92. Qdf5# 1-0

[Event "Saturday 13 January Rapid Engine Tour 12+1 Rounds 9 Starts 1600 ST"]
[Site "Infinity Chess"]
[Date "2018.1.13"]
[Round "6"]
[White "Cepri"]
[Black "Susanne"]
[Result "1/2-1/2"]
[ECO "B30"]
[WhiteElo "2455"]
[BlackElo "2481"]
[WhiteEngine "asmFishW_12J18Mb_CTG"]
[BlackEngine "asmFishW_10_bmi2_CTG"]
[EventType "Swiss"]
[WhiteTeam ""]
[BlackTeam ""]
[PlyCount "72"]
[TimeControl "720+1"]

1. e4 c5 2. Nf3 Nc6 3. Nc3 e6 4. d4 cxd4 5. Nxd4 Nf6 6. Nxc6 bxc6 7. e5 Nd5 
8. Ne4 Qc7 9. f4 Qa5+ 10. Bd2 Qb6 11. Bd3 Nb4 12. Bxb4 Bxb4+ 13. c3 Be7 
14. Qe2 f5 15. exf6 gxf6 16. O-O-O d5 17. Ng3 Rb8 18. Kb1 Rf8 19. Rd2 Kd8 
20. Rhd1 f5 21. Nh5 Bd6 22. Rc2 c5 23. g4 fxg4 24. Qxg4 Bd7 25. Re2 Rb7 
26. Ng7 c4 27. Bxh7 Ba3 28. Qg2 Rf7 29. f5 Rxg7 30. Qxg7 Bxb2 31. Qf6+ Kc8 
32. Qh8+ Kc7 33. Qe5+ Kd8 34. Qh8+ Kc7 35. Qe5+ Kd8 36. Qh8+ Kc7 1/2-1/2

[Event "Saturday 13 January Rapid Engine Tour 12+1 Rounds 9 Starts 1600 ST"]
[Site "Infinity Chess"]
[Date "2018.1.13"]
[Round "6"]
[White "Murx"]
[Black "Vimtiroba"]
[Result "1/2-1/2"]
[ECO "D31"]
[WhiteElo "2484"]
[BlackElo "2463"]
[WhiteEngine "BrainFish_171226_x64_modern"]
[BlackEngine "SF@130118_CTG"]
[EventType "Swiss"]
[WhiteTeam ""]
[BlackTeam ""]
[PlyCount "101"]
[TimeControl "720+1"]

1. d4 d5 2. c4 e6 3. Nc3 c6 4. e4 dxe4 5. Nxe4 Bb4+ 6. Bd2 Qxd4 7. Bxb4 Qxe4+ 
8. Be2 Na6 9. Ba5 b6 10. Qd6 Bd7 11. Bc3 f6 12. Nf3 Nh6 13. Rd1 Rd8 14. Qa3 Bc8 
15. Nd2 Qf4 16. Bh5+ Nf7 17. O-O c5 18. Qa4+ Ke7 19. Rfe1 Ng5 20. Re3 Rd6 
21. Rde1 Rhd8 22. Nf3 Kf8 23. a3 Nf7 24. h3 Rd3 25. Rxd3 Rxd3 26. Be5 fxe5 
27. Bxf7 Nc7 28. Bg6 Rxf3 29. Qxa7 Qd2 30. Rf1 Rb3 31. Qxc7 hxg6 32. Qxc8+ Kf7 
33. a4 Rxb2 34. Qc7+ Kf6 35. Qb8 Kf7 36. Qxe5 Qd4 37. Qg3 e5 38. Ra1 Qxc4 
39. Qxe5 Qd4 40. Qg3 c4 41. a5 Kg8 42. axb6 Rxf2 43. Qxf2 Qxa1+ 44. Kh2 Qb1 
45. Qg1 Qb5 46. Qf1 Qxb6 47. Qxc4+ Kh7 48. Qh4+ Kg8 49. Qc4+ Kh7 50. Qh4+ Kg8 
51. Qc4+ 1/2-1/2

[Event "Saturday 13 January Rapid Engine Tour 12+1 Rounds 9 Starts 1600 ST"]
[Site "Infinity Chess"]
[Date "2018.1.13"]
[Round "6"]
[White "fati64"]
[Black "THE_MACHINE"]
[Result "1/2-1/2"]
[ECO "C65"]
[WhiteElo "2491"]
[BlackElo "2476"]
[WhiteEngine "BrainFish_180106_x64"]
[BlackEngine "Houdini 6"]
[EventType "Swiss"]
[WhiteTeam ""]
[BlackTeam ""]
[PlyCount "133"]
[TimeControl "720+1"]

1. e4 e5 2. Nf3 Nc6 3. Bb5 Nf6 4. d3 Bc5 5. Ba4 O-O 6. O-O d6 7. Be3 Bxe3 
8. fxe3 Rb8 9. Qe1 b5 10. Bb3 h6 11. h3 Ne7 12. a4 a6 13. Nc3 c5 14. axb5 axb5 
15. Nd5 Nfxd5 16. Bxd5 Qc7 17. Nh4 g5 18. Nf3 Nxd5 19. exd5 f5 20. e4 f4 
21. b4 Rf7 22. bxc5 Qxc5+ 23. Qf2 Qxf2+ 24. Kxf2 Rc7 25. Ra2 Kf7 26. Rb1 Kf6 
27. c4 b4 28. Rab2 Rcb7 29. Nd2 h5 30. d4 g4 31. c5 exd4 32. cxd6 Ke5 33. Re1 d3 
34. Nc4+ Kd4 35. Na5 gxh3 36. Nxb7 Rxb7 37. gxh3 Bxh3 38. e5 Kxd5 39. Kf3 Bg4+ 
40. Kxf4 Rf7+ 41. Ke3 Rf3+ 42. Kd2 Rf2+ 43. Kc1 Rxb2 44. Kxb2 h4 45. e6 Bxe6 
46. Re3 d2 47. Rd3+ Kc6 48. d7 Bxd7 49. Rxd2 Bf5 50. Rd1 h3 51. Ra1 Be4 
52. Ra6+ Kd5 53. Ra5+ Kd4 54. Rh5 Bg2 55. Rh4+ Kd3 56. Rxb4 Ke3 57. Rh4 Kf3 
58. Rh6 Kg4 59. Kc3 Kg3 60. Rg6+ Kh2 61. Kb2 Be4 62. Rg5 Kh1 63. Kc3 h2 
64. Kd4 Bg2 65. Ke3 Kg1 66. Rh5 h1=Q 67. Rxh1+ 1/2-1/2

[Event "Saturday 13 January Rapid Engine Tour 12+1 Rounds 9 Starts 1600 ST"]
[Site "Infinity Chess"]
[Date "2018.1.13"]
[Round "6"]
[White "Gilgamesch"]
[Black "Marsell"]
[Result "1/2-1/2"]
[ECO "C55"]
[WhiteElo "2495"]
[BlackElo "2480"]
[WhiteEngine "BrainFish_171005_x64_bmi2"]
[BlackEngine "asmFishW_2018-01-11_popcnt"]
[EventType "Swiss"]
[WhiteTeam ""]
[BlackTeam ""]
[PlyCount "110"]
[TimeControl "720+1"]

1. e4 e5 2. Nf3 Nc6 3. Bc4 Nf6 4. d3 Bc5 5. O-O d6 6. c3 O-O 7. h3 a6 8. Re1 Ba7 
9. a4 h6 10. Nbd2 Re8 11. b4 Be6 12. Bxe6 Rxe6 13. Qc2 Qd7 14. Rb1 Ree8 
15. Nf1 b5 16. Be3 Bxe3 17. Nxe3 Ne7 18. c4 Ng6 19. Red1 bxa4 20. Ra1 Nf4 
21. Kh2 a5 22. b5 Ne6 23. Rxa4 Nc5 24. Ra3 a4 25. Rb1 c6 26. Nf5 Rac8 
27. bxc6 Qxc6 28. Qd2 Kh7 29. Rb5 Qc7 30. N3h4 Ng8 31. Ne3 Ne7 32. Nhf5 Nxf5 
33. Nxf5 Ra8 34. Qe1 Rec8 35. Qb1 Ra7 36. Ne3 Qd7 37. Nd5 Rf8 38. Rb6 f5 
39. f3 fxe4 40. dxe4 Rfa8 41. f4 Rb7 42. fxe5 Rab8 43. exd6 Rxb6 44. Nxb6 Qd8 
45. e5+ Kh8 46. Qd1 Qxb6 47. Qd5 Re8 48. Re3 Nb7 49. Rc3 Nc5 50. Rg3 Qa7 
51. Ra3 Kh7 52. Qd4 Qa5 53. Qd5 Qa7 54. Kg3 Kg6 55. Kh2 Kh7 1/2-1/2

[Event "Saturday 13 January Rapid Engine Tour 12+1 Rounds 9 Starts 1600 ST"]
[Site "Infinity Chess"]
[Date "2018.1.13"]
[Round "6"]
[White "Deep_Impact"]
[Black "aleks"]
[Result "1/2-1/2"]
[ECO "A03"]
[WhiteElo "2494"]
[BlackElo "2403"]
[WhiteEngine "BrainFish_171226_x64_modern"]
[BlackEngine "komodo-11.2.2-64bit_CTG"]
[EventType "Swiss"]
[WhiteTeam ""]
[BlackTeam ""]
[PlyCount "115"]
[TimeControl "720+1"]

1. f4 d5 2. Nf3 Nf6 3. g3 e6 4. b3 Be7 5. Bb2 c5 6. e3 O-O 7. c4 a6 8. Bg2 b5 
9. cxd5 Nxd5 10. O-O Bb7 11. Nc3 Nb4 12. d4 Nd7 13. a3 Nd5 14. Qe2 Nxc3 
15. Bxc3 Qb6 16. dxc5 Bxc5 17. Nd4 Rfc8 18. Bb2 Bf8 19. Bxb7 Qxb7 20. Qf3 Qxf3 
21. Nxf3 h6 22. Bd4 Nc5 23. Nd2 Nb7 24. a4 Bb4 25. Ne4 Na5 26. axb5 axb5 
27. Rfb1 Nc6 28. Bc5 Rxa1 29. Rxa1 Bxc5 30. Nxc5 Nb4 31. Nb7 Nc2 32. Rc1 b4 
33. Nd6 Rc6 34. Nb5 f6 35. Kf2 e5 36. fxe5 fxe5 37. Na7 Rc5 38. Nb5 h5 
39. Nd6 Rc3 40. Nc4 e4 41. Nd6 Nd4 42. Rxc3 bxc3 43. Ke1 Nxb3 44. Kd1 Nd2 
45. Kc2 Nf1 46. Kxc3 Nxh2 47. Kd4 Nf1 48. Kxe4 Nxg3+ 49. Kf3 Nf1 50. e4 Kf8 
51. e5 g6 52. Ke4 Ke7 53. Kf3 h4 54. Kg4 g5 55. Kxg5 h3 56. Ne4 h2 57. Nf2 Ke6 
58. Kf4 1/2-1/2

[Event "Saturday 13 January Rapid Engine Tour 12+1 Rounds 9 Starts 1600 ST"]
[Site "Infinity Chess"]
[Date "2018.1.13"]
[Round "6"]
[White "Neoxium"]
[Black "CrossingJordan"]
[Result "1/2-1/2"]
[ECO "A06"]
[WhiteElo "2465"]
[BlackElo "2434"]
[WhiteEngine "SF SL FA-IDeA"]
[BlackEngine "asmFishW_2017-12-20_bmi2_CTG"]
[EventType "Swiss"]
[WhiteTeam ""]
[BlackTeam ""]
[PlyCount "43"]
[TimeControl "720+1"]

1. Nf3 d5 2. d4 Nf6 3. Bf4 c5 4. e3 Nc6 5. c3 Nh5 6. dxc5 Nxf4 7. exf4 e6 
8. b4 g6 9. b5 Na5 10. Qd4 f6 11. h4 Bd7 12. h5 Rg8 13. hxg6 hxg6 14. Rh7 Rc8 
15. c6 bxc6 16. Qxa7 Rg7 17. Rh8 Kf7 18. a4 Rg8 19. Rh7+ Rg7 20. Rh8 Rg8 
21. Rh7+ Rg7 22. Rh8 1/2-1/2

[Event "Saturday 13 January Rapid Engine Tour 12+1 Rounds 9 Starts 1600 ST"]
[Site "Infinity Chess"]
[Date "2018.1.13"]
[Round "6"]
[White "MarioDeMonti"]
[Black "xeonrocks"]
[Result "1/2-1/2"]
[ECO "C50"]
[WhiteElo "2442"]
[BlackElo "2544"]
[WhiteEngine "stockfish_x64_bmi2_2018_01_01_CTG"]
[BlackEngine "asmFishW_bmi2.exe_CTG"]
[EventType "Swiss"]
[WhiteTeam ""]
[BlackTeam ""]
[PlyCount "160"]
[TimeControl "720+1"]

1. e4 e5 2. Nf3 Nc6 3. Bc4 Bc5 4. O-O Nf6 5. d3 d6 6. c3 a5 7. Re1 Ba7 
8. Nbd2 O-O 9. h3 Be6 10. Bb5 Ne7 11. d4 Ng6 12. Ba4 Nh5 13. Nf1 Nhf4 
14. Ng3 exd4 15. Nxd4 Bxd4 16. cxd4 d5 17. Qf3 Qh4 18. Bc2 c6 19. Bxf4 Qxf4 
20. Qxf4 Nxf4 21. e5 Ra6 22. Ne2 Nxe2+ 23. Rxe2 g6 24. a3 h5 25. h4 Rc8 
26. Bd3 Rb6 27. Rc1 Rb3 28. Rd2 Bf5 29. Be2 f6 30. exf6 Kf7 31. f3 Bd7 
32. Kf2 Re8 33. Rc5 b6 34. Rc3 Rxc3 35. bxc3 Kxf6 36. Rd1 b5 37. g3 Rh8 
38. Re1 Be6 39. Ke3 Bd7 40. Kd2 Bf5 41. Ke3 Bc2 42. Kd2 Bf5 43. Ra1 Bd7 
44. Ke3 Re8+ 45. Kd2 Kg7 46. Bd3 Bf5 47. Be2 Bd7 48. Bd1 Kf6 49. a4 Ra8 
50. Bb3 Be6 51. Ke3 g5 52. hxg5+ Kxg5 53. f4+ Kf6 54. Ra2 Rg8 55. Kf2 b4 
56. cxb4 Rb8 57. b5 cxb5 58. axb5 Rxb5 59. Bd1 Bg4 60. Ba4 Rb6 61. Bc2 Rb7 
62. Ke3 Re7+ 63. Kd3 Bf5+ 64. Kd2 Bxc2 65. Rxc2 a4 66. Rc5 Ke6 67. Ra5 Kf5 
68. Rxd5+ Kg4 69. Re5 Rg7 70. Kc2 Ra7 71. d5 a3 72. Rg5+ Kf3 73. Kb1 a2+ 
74. Ka1 Ra6 75. Rxh5 Kxg3 76. f5 Kf4 77. d6 Rxd6 78. Kxa2 Rb6 79. f6 Ra6+ 
80. Kb2 Rb6+ 1/2-1/2

[Event "Saturday 13 January Rapid Engine Tour 12+1 Rounds 9 Starts 1600 ST"]
[Site "Infinity Chess"]
[Date "2018.1.13"]
[Round "5"]
[White "Thor"]
[Black "IronMan"]
[Result "1-0"]
[ECO "C55"]
[WhiteElo "2464"]
[BlackElo "2406"]
[WhiteEngine "asmFishW_2017-11-19_bmi2"]
[BlackEngine "Stockfish SL FA PB BMI2"]
[EventType "Swiss"]
[WhiteTeam ""]
[BlackTeam ""]
[PlyCount "165"]
[TimeControl "720+1"]

1. e4 e5 2. Nf3 Nc6 3. Bc4 Nf6 4. d3 Bc5 5. c3 O-O 6. a4 a5 7. Bg5 h6 8. Bh4 g5 
9. Bg3 Nh5 10. d4 exd4 11. cxd4 Bb4+ 12. Nc3 d6 13. O-O Kg7 14. h3 Ne7 
15. Bh2 Ng6 16. Ne1 Nhf4 17. Bxf4 gxf4 18. Nf3 c6 19. Na2 Nh4 20. Qb3 Qe7 
21. Nxb4 axb4 22. a5 Nxf3+ 23. Qxf3 Qg5 24. Kh2 Re8 25. Rg1 Kf8 26. e5 dxe5 
27. dxe5 Be6 28. Qe4 Qg6 29. Qd4 Bxc4 30. Qxc4 Rxe5 31. Qxb4+ Kg7 32. Qxb7 Rexa5 
33. Rac1 Qe4 34. Rxc6 R8a6 35. b4 Ra2 36. Qxa6 Rxa6 37. Rxa6 Qxb4 38. f3 Qc5 
39. Rga1 Qg5 40. Ra8 Qg3+ 41. Kg1 Qg5 42. Re8 Qf6 43. Raa8 Kg6 44. Kh1 Qb6 
45. Rg8+ Kf6 46. Rh8 Ke5 47. Kh2 Kf5 48. Raf8 Qg6 49. Rhg8 Qf6 50. Rb8 Ke5 
51. Rge8+ Kd5 52. Rbd8+ Kc6 53. Rd1 Kb7 54. Re4 Qc3 55. Re7+ Kc6 56. Rxf7 h5 
57. Rf8 Kc7 58. Rfd8 Qa3 59. R8d2 Qc5 60. Rd5 Qa3 61. Rxh5 Kb6 62. Rh6+ Kc7 
63. Rd5 Qf8 64. Rg6 Qe7 65. Rh5 Kb7 66. Rh8 Ka7 67. Rhg8 Qe1 68. R8g7+ Kb8 
69. Rh6 Qe8 70. Rhh7 Kc8 71. Ra7 Kb8 72. h4 Qg8 73. Rhb7+ Kc8 74. Rg7 Qd5 
75. Rgf7 Kb8 76. Rad7 Qxd7 77. Rxd7 Kc8 78. Rg7 Kd8 79. h5 Ke8 80. Kg1 Kd8 
81. h6 Ke8 82. h7 Kf8 83. h8=Q# 1-0

[Event "Saturday 13 January Rapid Engine Tour 12+1 Rounds 9 Starts 1600 ST"]
[Site "Infinity Chess"]
[Date "2018.1.13"]
[Round "5"]
[White "hafaba"]
[Black "KillBill2017"]
[Result "1/2-1/2"]
[ECO ""]
[WhiteElo "2374"]
[BlackElo "2374"]
[WhiteEngine "Stockfish SL 07012018 POPCNT_CTG"]
[BlackEngine "asmFishW_2018-01-12_popcnt_CTG"]
[EventType "Swiss"]
[WhiteTeam ""]
[BlackTeam ""]
[PlyCount "153"]
[TimeControl "720+1"]

1. e3 d5 2. Nf3 c6 3. c4 Nf6 4. d4 e6 5. Bd3 dxc4 6. Bxc4 c5 7. O-O a6 
8. b3 cxd4 9. Nxd4 Bb4 10. Bb2 O-O 11. Nd2 Qe7 12. a3 Bd6 13. Bd3 Bd7 14. a4 Rc8 
15. Nc4 Bc7 16. f4 Nc6 17. Qf3 Nxd4 18. Bxd4 Bc6 19. Qg3 h6 20. Rfd1 Rd8 
21. Be2 Bd5 22. Rac1 Rac8 23. Rf1 Kh7 24. Bd3+ Kg8 25. h3 Nh5 26. Qf2 Bc6 
27. Be2 Nf6 28. Qg3 Bd5 29. Bd3 Bc6 30. Be2 Kh7 31. Rfd1 Qb4 32. Ne5 Bxe5 
33. fxe5 Nd5 34. Rf1 Kg8 35. Qf2 Be8 36. Bc4 Qe7 37. e4 Nb4 38. Bb6 Rd7 
39. Qe3 Qg5 40. Qxg5 hxg5 41. Be2 Rxc1 42. Rxc1 Rd2 43. Kf1 Bc6 44. Ba5 Rd4 
45. Rc4 Rxc4 46. Bxc4 Nc2 47. Kf2 Bxe4 48. Bc3 Na3 49. Be2 b5 50. Bb2 Nc2 
51. axb5 axb5 52. Bxb5 Bd5 53. Bc4 Bxc4 54. bxc4 Nb4 55. Ke3 Nc6 56. g3 Kf8 
57. Kf3 Ke7 58. Kg4 f6 59. exf6+ gxf6 60. h4 gxh4 61. gxh4 Kf7 62. c5 Ne7 
63. h5 e5 64. Ba1 Kg7 65. Bc3 Kh7 66. Ba5 Kh6 67. Bd2+ Kh7 68. Kf3 f5 69. Kg2 f4 
70. Kf3 Kg7 71. Ke4 Nc6 72. h6+ Kxh6 73. Kd5 Nb8 74. Kxe5 Kh7 75. Kxf4 Kg6 
76. Bc3 Nc6 77. Ke4 1/2-1/2

[Event "Saturday 13 January Rapid Engine Tour 12+1 Rounds 9 Starts 1600 ST"]
[Site "Infinity Chess"]
[Date "2018.1.13"]
[Round "5"]
[White "SkyPilot"]
[Black "miguello"]
[Result "1/2-1/2"]
[ECO "B06"]
[WhiteElo "2416"]
[BlackElo "2417"]
[WhiteEngine "stockfish_x64_bmi2_2018_01_01_CTG"]
[BlackEngine "asmFishW_2017-11-19_popcnt_CTG"]
[EventType "Swiss"]
[WhiteTeam ""]
[BlackTeam ""]
[PlyCount "299"]
[TimeControl "720+1"]

1. e4 g6 2. d4 Bg7 3. Nc3 d6 4. Nf3 Nf6 5. Be2 O-O 6. O-O c6 7. h3 Nbd7 
8. a4 Qc7 9. Be3 b6 10. Qd2 Bb7 11. Bh6 e5 12. a5 b5 13. a6 Bc8 14. b4 Rb8 
15. Be3 exd4 16. Bxd4 Re8 17. Qf4 Nh5 18. Qd2 Nhf6 19. Rfd1 h6 20. Ra3 Bf8 
21. Qf4 Nh5 22. Qd2 Nhf6 23. Qf4 Nh5 24. Qc1 Nhf6 25. Nh2 c5 26. bxc5 dxc5 
27. Bxf6 Nxf6 28. Bxb5 Rd8 29. Bc4 Rxd1+ 30. Qxd1 Rb4 31. Qd3 Nd7 32. Nd5 Rb1+ 
33. Nf1 Qe5 34. Qe2 Nb6 35. Nxb6 Rxb6 36. Rb3 Rb4 37. Qd3 h5 38. h4 Kg7 
39. g3 Be7 40. Nd2 Qa1+ 41. Kg2 Bh3+ 42. Kh2 Bg4 43. Qe3 Qd4 44. Qxd4+ cxd4 
45. Bd3 Be6 46. Ra3 Rb2 47. Ra5 Bd8 48. Ra4 Ra2 49. Rxa2 Bxa2 50. f4 Be6 
51. Nf3 Bb6 52. Kg1 Bg4 53. Kf2 Bxf3 54. Kxf3 Ba5 55. e5 f5 56. Be2 Bb6 
57. Bd3 Kf7 58. Bf1 Ke7 59. Bc4 Ba5 60. Bg8 Kf8 61. Bd5 Ke7 62. Ke2 Kf8 
63. Be6 Bb6 64. Kd3 Ba5 65. Ke2 Bb6 66. Bb3 Bc7 67. Ke1 Ke7 68. Kf1 Bb6 
69. Ke1 Ba5+ 70. Kd1 Bd8 71. Ke2 Ba5 72. Bc4 Bb6 73. Kf3 Bc5 74. Bf1 Kf8 
75. Be2 Kf7 76. Bf1 Kg8 77. Be2 Kf7 78. Bc4+ Ke8 79. Be6 Ke7 80. Ba2 Kf8 
81. Bb1 Ke7 82. Kg2 Kf8 83. Kf3 Be7 84. Ke2 Bb4 85. Kf3 Kf7 86. Kg2 Bc3 
87. Kf1 Ke7 88. Kf2 Bb4 89. Kg1 Bc3 90. Kg2 Be1 91. Ba2 Ba5 92. Bg8 Kf8 
93. Be6 Ke7 94. Bg8 Kf8 95. Bd5 Ke7 96. Kf1 Bd2 97. Bh1 Ba5 98. Bf3 Bc3 
99. Kf2 Ba5 100. Kg2 Bd2 101. Ba8 Ba5 102. Kf2 Ke6 103. Bc6 Bb6 104. Ke2 Ke7 
105. e6 Kxe6 106. Kf3 Kf6 107. Be8 Kg7 108. Bc6 Kf6 109. Kg2 Ba5 110. Kf2 Bc3 
111. Bb7 Bb4 112. Bd5 Bd2 113. Bb3 Be3+ 114. Kg2 Bd2 115. Kf3 Ba5 116. Bc4 Bb6 
117. Bd5 Ba5 118. Kf2 Ke7 119. Bc6 Kf6 120. Bb5 Bc7 121. Bc6 Bd8 122. Bb5 Bb6 
123. Kg2 Ba5 124. Bc6 Bb6 125. Kf3 Kf7 126. Bd5+ Kf6 127. Bc6 Ke6 128. Be8 Kf6 
129. Bd7 Ke7 130. Bb5 Kf7 131. Bd7 Kf6 132. Ba4 Ke7 133. Bb3 Ba5 134. Bd5 Bb6 
135. Bc4 Kf6 136. Bd3 Bc5 137. Bf1 Bb6 138. Be2 Ba5 139. Kf2 Bc7 140. Kf3 Ba5 
141. Bc4 Ke7 142. Bf1 Bc7 143. Bb5 Kf6 144. Ba4 Kf7 145. Kf2 Bd8 146. Bc6 Bb6 
147. Bd5+ Kf6 148. Kf3 Ke7 149. Bg8 Kf6 150. Bd5 1/2-1/2

[Event "Saturday 13 January Rapid Engine Tour 12+1 Rounds 9 Starts 1600 ST"]
[Site "Infinity Chess"]
[Date "2018.1.13"]
[Round "5"]
[White "Satria_Ungu"]
[Black "NINJA_JENGKA"]
[Result "1/2-1/2"]
[ECO "A40"]
[WhiteElo "2393"]
[BlackElo "2419"]
[WhiteEngine "Houdini 6_CTG"]
[BlackEngine "Houdini 6_CTG"]
[EventType "Swiss"]
[WhiteTeam ""]
[BlackTeam ""]
[PlyCount "201"]
[TimeControl "720+1"]

1. d4 c6 2. Nf3 Nf6 3. e3 d5 4. c4 e6 5. b3 b6 6. Bd3 Be7 7. Nc3 Nbd7 8. O-O O-O 
9. Qc2 Bb7 10. Bb2 a6 11. Rad1 h6 12. e4 dxe4 13. Nxe4 Qc7 14. Rfe1 Nxe4 
15. Bxe4 Bf6 16. Rd2 Rfd8 17. Red1 Be7 18. Re2 Re8 19. h3 Rad8 20. Bd3 a5 
21. Rde1 Bf6 22. Bh7+ Kh8 23. Be4 Ba6 24. Bc1 Kg8 25. Bh7+ Kh8 26. Bf5 Nf8 
27. Bb2 Kg8 28. Re3 Qc8 29. Bg4 Nd7 30. Nd2 Nf8 31. Rg3 Bh4 32. Rd3 Qc7 
33. g3 Be7 34. Bf3 Nh7 35. Ne4 Rd7 36. Bc1 Red8 37. Red1 Nf6 38. Nxf6+ Bxf6 
39. Be3 Be7 40. Kh2 Bd6 41. Bg2 Ba3 42. Qe2 b5 43. Bf4 Qc8 44. Qc2 Bf8 
45. h4 Ra7 46. Be3 Rad7 47. Bf3 Bd6 48. Bd2 Bc7 49. Bc1 Bd6 50. Be3 Be7 
51. c5 b4 52. R3d2 Bb5 53. Qe4 Ra7 54. Qg4 Kh8 55. Bf4 Qd7 56. Qh3 Re8 
57. g4 Bd8 58. g5 Bc7 59. Qg3 Bxf4 60. Qxf4 Qc7 61. Qe5 hxg5 62. hxg5 Rd8 
63. Kg2 Qxe5 64. dxe5 Rxd2 65. Rxd2 g6 66. Rd6 Rc7 67. Rd8+ Kg7 68. Bd1 Ra7 
69. f4 a4 70. Rd4 axb3 71. Bxb3 Ra5 72. Kf2 Ba4 73. Rc4 Bxb3 74. axb3 Kf8 
75. Ke3 Ke8 76. Kd4 Kd7 77. Rxb4 Kc8 78. Rc4 Ra1 79. Kc3 Rd1 80. Kc2 Rf1 
81. Rd4 Rf2+ 82. Kd3 Rf3+ 83. Kc4 Kc7 84. b4 Re3 85. b5 cxb5+ 86. Kxb5 Re1 
87. Rd6 Rb1+ 88. Ka4 Rf1 89. Kb5 Rb1+ 90. Ka4 Ra1+ 91. Kb3 Rb1+ 92. Kc2 Rf1 
93. Kd3 Rxf4 94. Ra6 Rg4 95. Ra7+ Kc6 96. Rxf7 Rxg5 97. Rf6 Rxe5 98. Rxg6 Kxc5 
99. Rg8 Re1 100. Rb8 e5 101. Ra8 1/2-1/2